cohdb
Replays
Latest Replays
All Replays
Popular Replays
Top Player Replays
Match Explorer
How It Works
Community
CoH3 Stats
Reddit
Sign in to upload your games and track your stats! →
Sign in with Steam
Match 39575415
Unlisted
Match 39575415
Overview
Messages
Build Orders
End
Vickers Machine Gun Team
Construct Section Command Post
Selects Canadian Shock Battlegroup
Infantry Section
Infantry Section
Infantry Section
Selects Attacking Spirit
Construct Platoon Command Post
Selects Canadian Shock Section
Humber Armored Car
6-pounder Anti-tank Gun Team
Sparkle
Mo-J
Wheeler
Telephone44
Witzland
MarcusAnnius
0
0
Comments
sign in to comment!
No comments posted yet!